[Event "*** SCC Grand Prix: Titled Tuesday Blitz"]
[Site "Chess.com"]
[Date "2020.09.29"]
[Round "4"]
[White "EvgenyRomanov"]
[Black "norwaytoadog"]
[Result "1-0"]
[WhiteElo "2593"]
[BlackElo "2329"]
[TimeControl "180+1"]
[EndTime "10:36:31 PDT"]
[Termination "EvgenyRomanov won on time"]

1. b3 e5 2. Bb2 Nc6 3. c4 Nf6 4. g3 Bc5 5. Bg2 O-O 6. d3 d5 7.
cxd5 Nxd5 8. Nd2 Bb4 9. Rc1 Re8 10. Nf3 a5 11. a3 Bf8 12. O-O Nb6 13. Rxc6 bxc6 14.
Nxe5 Bxa3 15. Nxf7 Kxf7 16. Bxa3 Nd5 17. Ne4 Bf5 18.
Qc1 Ra6 19. Nc5 Rb6 20. e4 Nb4 21. exf5 Nxd3 22. Qc4+ 1-0

[Event "*** SCC Grand Prix: Titled Tuesday Blitz"]
[Site "Chess.com"]
[Date "2020.09.29"]
[Round "4"]
[White "Beltraxtor"]
[Black "alexgo05"]
[Result "1-0"]
[WhiteElo "2586"]
[BlackElo "2418"]
[TimeControl "180+1"]
[EndTime "10:36:34 PDT"]
[Termination "Beltraxtor won by resignation"]

1. e4 d6 2. d4 Nf6 3. Nc3 Nbd7 4. Nf3 e5 5. Bc4 Be7 6. O-O O-O 7. a4 a5 8. Re1 c6 9. Ba2 exd4 10. Nxd4 Nc5 11. h3 Be6 12. Nxe6 fxe6 13. Qe2 Rf7 14. e5 Nd5 15. exd6 Bxd6 16. Ne4 Nxe4 17. Qxe4 Qf6 18. Be3 Raf8 19. c3 Nxe3 20. Qxe3 Qxf2+ 21. Qxf2 Rxf2 22. Rxe6 Bb8 23. Rf6+ Kh8 24. Rxf2 Ba7 25. Rf1 1-0

[Event "*** SCC Grand Prix: Titled Tuesday Blitz"]
[Site "Chess.com"]
[Date "2020.09.29"]
[Round "4"]
[White "grunbergmihai"]
[Black "AndrewMaco"]
[Result "1/2-1/2"]
[WhiteElo "2469"]
[BlackElo "2659"]
[TimeControl "180+1"]
[EndTime "10:36:36 PDT"]
[Termination "Game drawn by repetition"]

1. Nf3 Nf6 2. c4 e6 3. g3 b6 4. Bg2 Bb7 5. O-O Be7 6. d4 O-O 7. Nc3 Ne4 8. Bd2 Bf6 9. Qc2 Nxd2 10. Qxd2 d6 11. e4 Nd7 12. Rad1 g6 13. Rfe1 Bg7 14. h4 h5 15. b4 Qe7 16. a3 Rad8 17. Qe3 c5 18. d5 exd5 19. Nxd5 Bxd5 20. Rxd5 Rfe8 21. Ng5 Bd4 22. Rxd4 cxd4 23. Qxd4 Qe5 24. Qd3 Nf6 25. Rd1 Kg7 26. f4 Qb2 27. Rd2 Qc1+ 28. Rd1 Qb2 29. Rd2 Qa1+ 30. Rd1 Qa2 31. Rd2 Qa1+ 32. Rd1 Qb2 1/2-1/2

[Event "*** SCC Grand Prix: Titled Tuesday Blitz"]
[Site "Chess.com"]
[Date "2020.09.29"]
[Round "4"]
[White "PauloCesarCosta_sad"]
[Black "Omk124"]
[Result "1-0"]
[WhiteElo "2311"]
[BlackElo "2428"]
[TimeControl "180+1"]
[EndTime "10:36:36 PDT"]
[Termination "PauloCesarCosta_sad won by resignation"]

1. Nf3 Nf6 2. c4 g6 3. g3 Bg7 4. Bg2 O-O 5. O-O d6 6. Nc3 e5 7.
d4 exd4 8. Nxd4 Re8 9. Qc2 c6 10. Bf4 Nh5 11. Be3 Nd7 12. Rad1 Ne5 13. b3 Ng4 14. Bc1 Qe7 15. Nxc6 bxc6 16. Bxc6 Bf5 17. e4 Be6 18. Nb5 Ne5 19. Bxa8 Rxa8 20. f4 Nc6 21.
Ba3 a6 22. Nxd6 Qa7+ 23. Kg2 Bg4 24. Rd2 Qe3 25. Rd3 Nd4 26. Qd2 Bf3+ 27. Rxf3 Nxf3 28.
Qxe3 1-0

[Event "*** SCC Grand Prix: Titled Tuesday Blitz"]
[Site "Chess.com"]
[Date "2020.09.29"]
[Round "4"]
[White "Guenplen"]
[Black "KingHarii"]
[Result "1-0"]
[WhiteElo "2875"]
[BlackElo "2699"]
[TimeControl "180+1"]
[EndTime "10:36:41 PDT"]
[Termination "Guenplen won by resignation"]

1. d4 Nf6 2. Bf4 d5 3. e3 c5 4. dxc5 Qa5+ 5. Nc3 Qxc5 6. Nb5 Na6 7. a3 Bd7 8. b4 Qc8 9. Rc1 Bc6 10. Nf3 g6 11.
Qd4 Bg7 12. Nxa7 Rxa7 13. Qxa7 Bd7 14. c4 O-O 15. Be5 Bh6 16. Be2 Ng4 17. Bb2 dxc4 18. Rxc4 Qd8 19. Qxb7 1-0

[Event "*** SCC Grand Prix: Titled Tuesday Blitz"]
[Site "Chess.com"]
[Date "2020.09.29"]
[Round "4"]
[White "profofchess"]
[Black "stanyga"]
[Result "0-1"]
[WhiteElo "2375"]
[BlackElo "2609"]
[TimeControl "180+1"]
[EndTime "10:36:42 PDT"]
[Termination "stanyga won on time"]

1. e4 g6 2. d4 Bg7 3. Nc3 d6 4. Bc4 c6 5. Bb3 Nf6 6. Qe2 e5 7. Nf3 Nbd7 8. O-O O-O 9. Rd1 Qe7 10. Bg5 h6 11. Bh4 Re8 12. dxe5 dxe5 13. a4 a5 14. Nd2 Nc5 15. Nc4 Nxb3 16. cxb3 Be6 17. Bg3 Nh5 18. Rd2 Nxg3 19. hxg3 Qb4 20. Qd1 Bf6 21. f3 Red8 0-1

[Event "*** SCC Grand Prix: Titled Tuesday Blitz"]
[Site "Chess.com"]
[Date "2020.09.29"]
[Round "4"]
[White "jacky72"]
[Black "JiiHart"]
[Result "1-0"]
[WhiteElo "2584"]
[BlackElo "2064"]
[TimeControl "180+1"]
[EndTime "10:36:44 PDT"]
[Termination "jacky72 won by resignation"]

1. e4 c5 2. Nc3 Nc6 3. g3 g6 4.
Bg2 Bg7 5. f4 d6 6. d3 e6 7. Nh3 Nge7 8. O-O f5 9. Be3 O-O 10.
Qd2 Rb8 11. Rae1 b5 12. Kh1 h6 13. Nd1 Kh7 14. e5 dxe5 15. Bxc5 exf4 16. Nxf4 e5 17. Nh3 Bb7 18. Nc3 a6 19. Qf2 Re8 20. Qe3 Nd4 21.
Qf2 Bxg2+ 22. Qxg2 Rc8 23. Bxd4 exd4 24. Nd1 Qd5 25.
Re2 Qxg2+ 26. Kxg2 Nd5 27. Rfe1 Ne3+ 28. Nxe3 dxe3 29.
c3 g5 30. Rxe3 b4 31. Rxe8 1-0

[Event "*** SCC Grand Prix: Titled Tuesday Blitz"]
[Site "Chess.com"]
[Date "2020.09.29"]
[Round "4"]
[White "Chamal_Gedgafov"]
[Black "ural58"]
[Result "1-0"]
[WhiteElo "2145"]
[BlackElo "2356"]
[TimeControl "180+1"]
[EndTime "10:36:44 PDT"]
[Termination "Chamal_Gedgafov won by resignation"]

1. d4 d5 2. c4 e5 3. dxe5 d4 4.
Nf3 Nc6 5. g3 Nge7 6. Bg2 Ng6 7. Qa4 Qd7 8. O-O Ngxe5 9. Rd1 Nxf3+ 10. exf3 Be7 11. Nc3 O-O 12. Nb5 Bc5 13. Bf4 Bb6 14.
b4 a6 15. c5 Ne7 16. cxb6 Qxb5 17. Qxb5 axb5 18. bxc7 Nc6 19. Bd6 Re8 20. f4 Re6 21. Bc5 Re7 22. Bxc6 bxc6 23. Bxe7 1-0

[Event "*** SCC Grand Prix: Titled Tuesday Blitz"]
[Site "Chess.com"]
[Date "2020.09.29"]
[Round "4"]
[White "monalize"]
[Black "rynos0411"]
[Result "1-0"]
[WhiteElo "2306"]
[BlackElo "2420"]
[TimeControl "180+1"]
[EndTime "10:36:47 PDT"]
[Termination "monalize won by resignation"]

1. e4 d6 2. d4 Nf6 3. Nc3 c6 4. a4 Nbd7 5. Bc4 e5 6. Nf3 Be7 7. O-O O-O 8. Re1 Qc7 9. h3 Rd8 10. Qe2 h6 11. Be3 Bf8 12. a5 Rb8 13. dxe5 dxe5 14.
Bxa7 Ra8 15. Bb6 Nxb6 16. axb6 Qb8 17. Rxa8 Qxa8 18. Nxe5 Be6 19. Bxe6 fxe6 20. Qc4 Qc8 21. Ng6 Qd7 22. Rd1 Qc8 23. Rxd8 Qxd8 24. Qxe6+ Kh7 25.
Nxf8+ Qxf8 26. Qf5+ Kh8 27. e5 Nh7 28. Qxf8+ Nxf8 29. f4 Kg8 30. Kf2 Kf7 31. Ke3 Nd7 32. Na4 Ke6 33. Ke4 g6 34. g4 Ke7 35. f5 gxf5+ 36.
gxf5 h5 37. b4 h4 38. f6+ Kf7 39. Kf5 Nf8 40. Nc5 1-0

[Event "*** SCC Grand Prix: Titled Tuesday Blitz"]
[Site "Chess.com"]
[Date "2020.09.29"]
[Round "4"]
[White "Sethu0025"]
[Black "SergeyKarjakin"]
[Result "0-1"]
[WhiteElo "2769"]
[BlackElo "2972"]
[TimeControl "180+1"]
[EndTime "10:36:48 PDT"]
[Termination "SergeyKarjakin won by resignation"]

1. d4 Nf6 2. c4 e6 3. Nc3 Bb4 4. Nf3 O-O 5. Bg5 h6 6. Bh4 c5 7. Rc1 cxd4 8. Nxd4 d5 9. cxd5 g5 10. Bg3 Qxd5 11. e3 Qxa2 12. Bd3 Qxb2 13.
O-O Bxc3 14. Nb5 Ba5 15. Bd6 Nc6 16. Rc2 Qb3 17. Bc4 Qa4 18. Bxf8 Kxf8 19. f4 g4 20. Qd6+ Kg7 21. Rcc1 Qb4 22. Qd3 Qd2 23. Rfd1 Qxd3 24. Bxd3 Bb6 25. Kf2 Nd5 26. Re1 Nxf4 27. Be4 Nd5 28.
Bxd5 exd5 29. Red1 Be6 0-1

[Event "*** SCC Grand Prix: Titled Tuesday Blitz"]
[Site "Chess.com"]
[Date "2020.09.29"]
[Round "4"]
[White "juancruzarias"]
[Black "Berardino"]
[Result "0-1"]
[WhiteElo "2506"]
[BlackElo "2715"]
[TimeControl "180+1"]
[EndTime "10:36:48 PDT"]
[Termination "Berardino won by resignation"]

1. e4 c5 2. Nc3 b6 3. g3 Bb7 4.
Bg2 Nf6 5. d3 e6 6. Nge2 d5 7.
exd5 Nxd5 8. Ne4 Be7 9. O-O Nc6 10. Nf4 Nxf4 11. Bxf4 O-O 12. Qh5 Qd7 13. Rad1 Nd4 14. c3 g6 15. Qh3 Ne2+ 16. Kh1 Nxf4 17. gxf4 Qc7 18. Qg3 Rad8 19. h4 Rd5 20. Ng5 Rf5 21.
Nh3 Rh5 22. Ng5 Bd6 23. Bxb7 Qxb7+ 24. Kh2 Qc7 25. Nh3 Rf5 26. d4 Rxf4 27. dxc5 Rxf2+ 0-1

[Event "*** SCC Grand Prix: Titled Tuesday Blitz"]
[Site "Chess.com"]
[Date "2020.09.29"]
[Round "4"]
[White "freshfoodcompany"]
[Black "Larina_Marija"]
[Result "1-0"]
[WhiteElo "2396"]
[BlackElo "2194"]
[TimeControl "180+1"]
[EndTime "10:36:50 PDT"]
[Termination "freshfoodcompany won by resignation"]

1. d4 f5 2. Nf3 Nf6 3. g3 g6 4. Bg2 Bg7 5. O-O O-O 6. b3 d6 7. Bb2 h6 8. c4 g5 9. Nc3 c6 10. Qc2 Qe8 11. e4 fxe4 12. Nxe4 Nxe4 13. Qxe4 Bf5 14. Qe2 e6 15. Rfe1 Qg6 16. Rad1 Nd7 17.
Nd2 Rae8 18. Ne4 Bxe4 19. Bxe4 Qf6 20. Bg2 e5 21. d5 c5 22. Bc3 Qf7 23. Bh3 Kh8 24.
Be6 Qe7 25. Bh3 Nf6 26. Bg2 g4 27. a3 Qf7 28. b4 b6 29. a4 Qh5 30. a5 Nh7 31. h4 gxh3 32. Qxh5 1-0

[Event "*** SCC Grand Prix: Titled Tuesday Blitz"]
[Site "Chess.com"]
[Date "2020.09.29"]
[Round "4"]
[White "Vugar_Manafov"]
[Black "Brave_spirit12"]
[Result "0-1"]
[WhiteElo "2670"]
[BlackElo "2457"]
[TimeControl "180+1"]
[EndTime "10:36:51 PDT"]
[Termination "Brave_spirit12 won on time"]

1. Nf3 d5 2. g3 c6 3. Bg2 Nf6 4.
O-O g6 5. d3 Bg7 6. Nc3 O-O 7.
e4 dxe4 8. dxe4 Qa5 9. h3 Be6 10.
Bf4 Bc4 11. Re1 Rd8 12. Nd2 Ba6 13. Qf3 e5 14. Bg5 Nbd7 15. Rad1 h6 16. Nb3 Qb6 17. Be3 Qc7 18. h4 Bc4 19. Bh3 Nf8 20. Bxh6 Bxh6 21. Qf5 gxf5 0-1

[Event "*** SCC Grand Prix: Titled Tuesday Blitz"]
[Site "Chess.com"]
[Date "2020.09.29"]
[Round "4"]
[White "Smirnov_Pavel"]
[Black "TigrVShlyape"]
[Result "1/2-1/2"]
[WhiteElo "2686"]
[BlackElo "2847"]
[TimeControl "180+1"]
[EndTime "10:36:52 PDT"]
[Termination "Game drawn by agreement"]

1. d4 d5 2. c4 c6 3. Nf3 Nf6 4. Nc3 a6 5. e3 Bf5 6. Ne5 Nbd7 7. Qb3 Ra7 8. cxd5 cxd5 9. Qa4 e6 10. Be2 h6 11. O-O Be7 12. Bb5 Ra8 13. Nxd7 Nxd7 14. Be2 O-O 15. Bd2 b5 16. Qb3 Nb6 17. Rfc1 Nc4 18. Be1 Rb8 19. a4 1/2-1/2

[Event "*** SCC Grand Prix: Titled Tuesday Blitz"]
[Site "Chess.com"]
[Date "2020.09.29"]
[Round "4"]
[White "Gajuchess"]
[Black "ajkom197"]
[Result "1-0"]
[WhiteElo "2803"]
[BlackElo "2450"]
[TimeControl "180+1"]
[EndTime "10:36:54 PDT"]
[Termination "Gajuchess won by resignation"]

1. b3 d5 2. Bb2 Nf6 3. e3 Bf5 4. Be2 e6 5. d3 h6 6. Nd2 Nbd7 7. Ngf3 Bd6 8. O-O O-O 9. c4 c6 10. Qc2 Bh7 11. a3 Rc8 12. b4 Qe7 13. Qb3 e5 14. cxd5 Nxd5 15. Rac1 Rfe8 16. Ne4 Bb8 17. Rfd1 N5f6 18. Nfd2 Nxe4 19. dxe4 Nb6 20. a4 Red8 21. a5 Na8 22. Nc4 Kh8 23. Bg4 Bxe4 24. Bxc8 Rxc8 25. f3 Bd5 26. e4 Be6 27. Qc2 f6 28. Qd2 Nc7 29. Nd6 Rf8 30. Nxb7 Qxb4 31. Qxb4 1-0

[Event "*** SCC Grand Prix: Titled Tuesday Blitz"]
[Site "Chess.com"]
[Date "2020.09.29"]
[Round "4"]
[White "AntonovaNadezhda"]
[Black "northridgehawk"]
[Result "0-1"]
[WhiteElo "2059"]
[BlackElo "2314"]
[TimeControl "180+1"]
[EndTime "10:36:56 PDT"]
[Termination "northridgehawk won by resignation"]

1. Nf3 Nf6 2. g3 g6 3. b3 Bg7 4.
Bb2 O-O 5. Bg2 d5 6. d3 c6 7.
O-O a5 8. a4 Nbd7 9. Nbd2 Re8 10. e4 e5 11. Re1 Qc7 12. Rc1 Qd6 13. c4 Nc5 14. Ba3 d4 15. Qc2 Nfd7 16. Rf1 Qc7 17. Ne1 Na6 18. f4 Ndc5 19. f5 Bh6 20. Kh1 Be3 21. Rb1 Qe7 22. Rf3 Qg5 23. Nf1 gxf5 24. exf5 Bxf5 25. h4 Qh6 26. Rxf5 Re6 27. Nxe3 dxe3 28.
Qe2 Rg6 29. Qxe3 Qxe3 0-1

[Event "*** SCC Grand Prix: Titled Tuesday Blitz"]
[Site "Chess.com"]
[Date "2020.09.29"]
[Round "4"]
[White "Reader777"]
[Black "Alexander_Moskalenko"]
[Result "1/2-1/2"]
[WhiteElo "2647"]
[BlackElo "2831"]
[TimeControl "180+1"]
[EndTime "10:36:59 PDT"]
[Termination "Game drawn by repetition"]

1. d4 d5 2. c4 c6 3. Nf3 Nf6 4. Nc3 dxc4 5. a4 Bf5 6. e3 e6 7. Bxc4 Bb4 8. O-O O-O 9. Qe2 Nbd7 10. e4 Bg6 11. Bd3 Bh5 12. e5 Nd5 13. Nxd5 cxd5 14. Qe3 Be7 15. Ng5 Bxg5 16. Qxg5 Qxg5 17. Bxg5 Nb8 18.
Be7 Rc8 19. Bb4 Nc6 20. Bc3 Bg6 21. Be2 a6 22. a5 Bc2 23. Rfc1 Bb3 24. f4 Bc4 25.
Bxc4 dxc4 26. Ra4 Ne7 27. Bd2 Nd5 28. Raxc4 Rxc4 29. Rxc4 h5 30. Kf2 Kf8 31. Kf3 Ke7 32. h3 Kd7 33. g4 hxg4+ 34. hxg4 Rh8 35. Kg3 g6 36. Rc1 Kd8 37. Kg2 Rh4 38. Kg3 Rh8 39. Rf1 Kd7 40. Rc1 Rh7 41. Kg2 Rh4 42. Kg3 Rh8 43. Kg2 Rh4 44. Kg3 Rh8 45. Kg2 Rh4 1/2-1/2

[Event "*** SCC Grand Prix: Titled Tuesday Blitz"]
[Site "Chess.com"]
[Date "2020.09.29"]
[Round "4"]
[White "IMDT02"]
[Black "Andreikka"]
[Result "0-1"]
[WhiteElo "2542"]
[BlackElo "2845"]
[TimeControl "180+1"]
[EndTime "10:36:59 PDT"]
[Termination "Andreikka won by resignation"]

1. d4 Nf6 2. c4 e6 3. Nc3 Bb4 4. e3 b6 5. Ne2 Bb7 6. a3 Be7 7. d5 a5 8. g3 Na6 9. Bg2 Nc5 10. b3 O-O 11. O-O Re8 12. Rb1 exd5 13. b4 axb4 14.
axb4 Na6 15. b5 Nc5 16. Nxd5 Nxd5 17. Bxd5 Bxd5 18. Qxd5 Bf6 19. Bb2 Ra2 20. Bxf6 Qxf6 21. Nf4 h6 22. Rfd1 g5 23. Nh3 Re5 24. Qd4 Ne4 25. Rb2 Rxb2 26. Qxb2 Rd5 27. Qb1 Nc3 28. cxd5 Nxb1 29. Rxb1 Qf5 0-1

[Event "*** SCC Grand Prix: Titled Tuesday Blitz"]
[Site "Chess.com"]
[Date "2020.09.29"]
[Round "4"]
[White "Msb2"]
[Black "almo64"]
[Result "1-0"]
[WhiteElo "2919"]
[BlackElo "2721"]
[TimeControl "180+1"]
[EndTime "10:37:10 PDT"]
[Termination "Msb2 won by resignation"]

1. d4 d5 2. c4 e6 3. Nc3 Nf6 4. cxd5 exd5 5. Bg5 Be7 6. e3 h6 7. Bf4 O-O 8. Bd3 c5 9. h3 Nc6 10. Nf3 cxd4 11. exd4 Bd6 12. Bxd6 Qxd6 13. O-O Re8 14.
Qb3 Qb4 15. Nxd5 Nxd5 16. Qxd5 Qxb2 17. Rfe1 Be6 18. Qe4 g6 19. Qf4 Nb4 20. Bxg6 fxg6 21. Qxh6 Qc2 22. Ng5 Nd3 23. Qxg6+ Kf8 24. Nh7+ 1-0

[Event "*** SCC Grand Prix: Titled Tuesday Blitz"]
[Site "Chess.com"]
[Date "2020.09.29"]
[Round "4"]
[White "A-Fier"]
[Black "AleksanderHnydiuk"]
[Result "1/2-1/2"]
[WhiteElo "2842"]
[BlackElo "2555"]
[TimeControl "180+1"]
[EndTime "10:37:13 PDT"]
[Termination "Game drawn by agreement"]

1. e4 c5 2. Nf3 e6 3. b4 cxb4 4. a3 Nf6 5. e5 Nd5 6. axb4 Nxb4 7. c3 N4c6 8. d4 d6 9. exd6 Bxd6 10. Bd3 Nd7 11. O-O b6 12. Re1 O-O 13. Bc2 Bb7 14.
Qd3 g6 15. Bh6 Re8 16. Nbd2 Bf8 17. Bxf8 Nxf8 18. h4 e5 19. dxe5 Qxd3 20. Bxd3 Ne6 21. Ne4 Nf4 22. Bb5 a6 23. Bxc6 Bxc6 24. Nf6+ Kg7 25.
Nxe8+ Rxe8 26. Rxa6 Bxf3 27. gxf3 Rc8 28. Re4 Ne6 29.
Rxb6 Rxc3 30. Kg2 Rc7 31. f4 Kh6 32. Kg3 Ng7 33. Rf6 Nh5+ 34. Kg4 Nxf6+ 35. exf6 Rc6 1/2-1/2

[Event "*** SCC Grand Prix: Titled Tuesday Blitz"]
[Site "Chess.com"]
[Date "2020.09.29"]
[Round "4"]
[White "Konavets"]
[Black "Anna_ChessMate"]
[Result "1-0"]
[WhiteElo "2973"]
[BlackElo "2570"]
[TimeControl "180+1"]
[EndTime "10:37:14 PDT"]
[Termination "Konavets won by resignation"]

1. d4 d5 2. Nf3 Nf6 3. c4 c6 4. e3 Bg4 5. Nc3 e6 6. h3 Bxf3 7. Qxf3 Nbd7 8. Bd2 Bb4 9. Bd3 O-O 10.
a3 Ba5 11. g4 e5 12. cxd5 Bxc3 13. Bxc3 Nxd5 14. O-O Re8 15. Bc4 e4 16. Qg3 N7b6 17.
Ba2 Na4 18. Rac1 a5 19. Rc2 Qe7 20. Bd2 Rad8 21. Bxa5 Ra8 22. Bd2 Red8 23. f3 Rd7 24.
Qg2 exf3 25. Qxf3 Re8 26. Re1 Nf6 27. Bb4 Qd8 28. Rf2 Ne4 29. Bxf7+ Kh8 30. Bxe8 1-0

[Event "*** SCC Grand Prix: Titled Tuesday Blitz"]
[Site "Chess.com"]
[Date "2020.09.29"]
[Round "4"]
[White "markberk"]
[Black "antoszu"]
[Result "1/2-1/2"]
[WhiteElo "2383"]
[BlackElo "2601"]
[TimeControl "180+1"]
[EndTime "10:37:15 PDT"]
[Termination "Game drawn by agreement"]

1. Nf3 d5 2. g3 c6 3. Bg2 Bg4 4. c4 e6 5. O-O Nd7 6. d4 Ngf6 7.
Nc3 Be7 8. Qb3 Qc8 9. Bf4 O-O 10.
Rac1 Nb6 11. Ne5 dxc4 12. Nxc4 Nxc4 13. Qxc4 Nd5 14. Bd2 Qd7 15. e4 Nb6 16. Qd3 c5 17.
d5 exd5 18. Nxd5 Nxd5 19. exd5 Rac8 20. Bf4 Bf6 21. b3 Bh3 22. Bxh3 Qxh3 23. Bd6 Rfd8 24. Bxc5 1/2-1/2

[Event "*** SCC Grand Prix: Titled Tuesday Blitz"]
[Site "Chess.com"]
[Date "2020.09.29"]
[Round "4"]
[White "annacramling"]
[Black "ZverevLev"]
[Result "1/2-1/2"]
[WhiteElo "2035"]
[BlackElo "2360"]
[TimeControl "180+1"]
[EndTime "10:37:15 PDT"]
[Termination "Game drawn by repetition"]

1. d4 Nf6 2. c4 e6 3. Nc3 Bb4 4. Qc2 O-O 5. e4 d5 6. e5 Ne4 7. Bd3 c5 8. Nf3 Nc6 9. dxc5 Nxc5 10. Bxh7+ Kh8 11. O-O d4 12. Rd1 Ba5 13. a3 Bb6 14. Be3 Na6 15. Qe4 Nc5 16. Qc2 Na6 17. Qe4 Nc5 18.
Qc2 1/2-1/2

[Event "*** SCC Grand Prix: Titled Tuesday Blitz"]
[Site "Chess.com"]
[Date "2020.09.29"]
[Round "4"]
[White "horripile"]
[Black "Miss_JJ20"]
[Result "1-0"]
[WhiteElo "2648"]
[BlackElo "2453"]
[TimeControl "180+1"]
[EndTime "10:37:20 PDT"]
[Termination "horripile won by resignation"]

1. e4 c5 2. Nf3 Nf6 3. e5 Nd5 4. Nc3 e6 5. Ne4 f5 6. exf6 Nxf6 7.
Nxf6+ Qxf6 8. Be2 Nc6 9. O-O Bd6 10. c3 O-O 11. d4 b6 12. Be3 cxd4 13. Nxd4 Nxd4 14.
Bxd4 Qh4 15. g3 Qe7 16. Bf3 Ba6 17. Re1 Rae8 18. Be4 g6 19. Qa4 Bc8 20. Qxa7 Bc5 21. Rad1 Bxd4 22. Rxd4 Qc5 23. Rd2 Re7 24. Qa4 Ref7 25.
Qd4 d5 26. Bg2 Ba6 27. Qxc5 bxc5 28. Rxe6 Bc4 29. b3 1-0

[Event "*** SCC Grand Prix: Titled Tuesday Blitz"]
[Site "Chess.com"]
[Date "2020.09.29"]
[Round "4"]
[White "WiktoriaPOL"]
[Black "misterlamine"]
[Result "0-1"]
[WhiteElo "2047"]
[BlackElo "2307"]
[TimeControl "180+1"]
[EndTime "10:37:22 PDT"]
[Termination "misterlamine won by resignation"]

1. c4 Nf6 2. Nc3 g6 3. g3 Bg7 4. Bg2 O-O 5. e4 c6 6. e5 Ne8 7. d4 c5 8. f4 cxd4 9. Qxd4 d6 10. Nf3 Nc6 11. Qe3 dxe5 12. fxe5 Bg4 13. O-O Rc8 14.
Rd1 Qa5 15. Nd5 e6 16. Bd2 Qa6 17. Nb4 Qb6 18. Qxb6 axb6 19. Nxc6 bxc6 20. c5 bxc5 21. Be3 Nc7 22. Bxc5 Rfd8 23. Bd6 Nb5 24. Be7 Rxd1+ 25.
Rxd1 Bxe5 26. Rd2 Bg7 27. h3 Bxf3 28. Bxf3 Nd4 29. Bd1 c5 30. a3 e5 31. b4 cxb4 32.
Bxb4 e4 33. a4 e3 34. Ra2 Rc1 35. a5 e2 36. Kf2 exd1=Q 0-1

[Event "*** SCC Grand Prix: Titled Tuesday Blitz"]
[Site "Chess.com"]
[Date "2020.09.29"]
[Round "4"]
[White "eljanov"]
[Black "Lion-Al-Messi"]
[Result "1-0"]
[WhiteElo "2805"]
[BlackElo "2525"]
[TimeControl "180+1"]
[EndTime "10:37:24 PDT"]
[Termination "eljanov won on time"]

1. e4 e6 2. d4 d5 3. e5 c5 4. c3 Nc6 5. Nf3 Qb6 6. a3 Nh6 7. b4 cxd4 8. Bxh6 gxh6 9. cxd4 Bd7 10. g3 Bg7 11. Nc3 a5 12. b5 Ne7 13. Na4 Qc7 14. Rc1 Qd8 15. Nc5 Bc8 16. Bd3 b6 17.
Na4 Bd7 18. O-O O-O 19. Qc2 Ng6 20. h4 Re8 21. Qc7 Rb8 22. Qa7 Re7 23. Rc7 Be8 24. Rfc1 Rxc7 25. Rxc7 Bf8 26. h5 Ne7 27. Nxb6 Nf5 28.
Bxf5 exf5 29. Nd7 Bxd7 30. Rxd7 Qc8 31. Rxf7 Qc1+ 32. Kg2 Rc8 33. Rxf5 Qc7 34. Qa6 Qd7 35. e6 1-0

[Event "*** SCC Grand Prix: Titled Tuesday Blitz"]
[Site "Chess.com"]
[Date "2020.09.29"]
[Round "4"]
[White "davidkalashian"]
[Black "Matols"]
[Result "1-0"]
[WhiteElo "2581"]
[BlackElo "2255"]
[TimeControl "180+1"]
[EndTime "10:37:25 PDT"]
[Termination "davidkalashian won by resignation"]

1. d4 Nf6 2. c4 e6 3. Nf3 b6 4. g3 Ba6 5. b3 Bb4+ 6. Bd2 Be7 7. Bg2 O-O 8. O-O d5 9. Bc3 Nbd7 10. Ne5 Bb7 11. Nd2 Rc8 12. cxd5 exd5 13. Rc1 Ne4 14. Bb2 Nxe5 15. dxe5 c5 16. Nxe4 dxe4 17. Qc2 Qd5 18.
Rfd1 Qc6 19. Qc3 Rfd8 20. h4 Rxd1+ 21. Rxd1 Rd8 22. Rxd8+ Bxd8 23. e6 f6 24. Qc4 Be7 25.
Bh3 Qd5 26. Qa4 e3 27. Qe8+ Bf8 28. Qf7+ 1-0

[Event "*** SCC Grand Prix: Titled Tuesday Blitz"]
[Site "Chess.com"]
[Date "2020.09.29"]
[Round "4"]
[White "GMJustin"]
[Black "pedro_nascimento85"]
[Result "0-1"]
[WhiteElo "2275"]
[BlackElo "2011"]
[TimeControl "180+1"]
[EndTime "10:37:26 PDT"]
[Termination "pedro_nascimento85 won on time"]

1. d4 d5 2. c4 e6 3. Nc3 Be7 4. Nf3 Nf6 5. Bg5 h6 6. Bh4 O-O 7. e3 b6 8. Bd3 dxc4 9. Bxc4 Ba6 10.
Bxa6 Nxa6 11. Qa4 Qc8 12. Ne5 c5 13. Nc6 Bd8 14. Nxd8 Rxd8 15. Bxf6 gxf6 16. O-O cxd4 17. exd4 Nc7 18. Ne4 Nd5 19. Rac1 Qb8 20. Rfd1 Qf4 21.
Ng3 Qg5 22. Rc6 Nf4 23. Qb3 h5 24. Qf3 h4 25. Ne4 Qh6 26. Nd6 Nd5 0-1

[Event "*** SCC Grand Prix: Titled Tuesday Blitz"]
[Site "Chess.com"]
[Date "2020.09.29"]
[Round "4"]
[White "stolencandy13"]
[Black "Evgeny81"]
[Result "0-1"]
[WhiteElo "2462"]
[BlackElo "2669"]
[TimeControl "180+1"]
[EndTime "10:37:27 PDT"]
[Termination "Evgeny81 won by resignation"]

1. e4 c5 2. Nf3 e6 3. d4 cxd4 4. Nxd4 a6 5. c4 Nf6 6. Nc3 d6 7. Be2 b6 8. O-O Bb7 9. f3 Nbd7 10. Be3 Be7 11. Rc1 O-O 12. b4 Qc7 13. a3 Rac8 14. Nb3 Qb8 15. Na4 Bd8 16. Qe1 Bc7 17. Qf2 d5 18.
exd5 Bxh2+ 19. Kh1 Bg3 20. Qg1 exd5 21. f4 dxc4 22. Nd4 Ne4 23. Nf5 Rfe8 24. Bf3 Bxf4 25. Bd4 Bxc1 26. Rxc1 Qf4 27. Bxe4 Rxe4 28. Rf1 Qg5 29.
Nxg7 Rh4+ 0-1

[Event "*** SCC Grand Prix: Titled Tuesday Blitz"]
[Site "Chess.com"]
[Date "2020.09.29"]
[Round "4"]
[White "ajdemipopushi"]
[Black "Khnykin_Nikolay"]
[Result "1-0"]
[WhiteElo "2333"]
[BlackElo "2071"]
[TimeControl "180+1"]
[EndTime "10:37:29 PDT"]
[Termination "ajdemipopushi won on time"]

1. Nf3 e6 2. g3 d5 3. c4 Nf6 4. Bg2 c5 5. O-O Bd6 6. d4 O-O 7. cxd5 exd5 8. Nc3 Nc6 9. Bg5 Be6 10. dxc5 Bxc5 11.
Bxf6 gxf6 12. Rc1 Bb6 13. e3 Kh8 14. Ne2 Rg8 15. Ned4 Qd7 16. a3 Bh3 17. Bxh3 Qxh3 18. Nxc6 bxc6 19. Rxc6 Rad8 20. Nd4 Rg6 21. Qf3 Qh6 22. Nf5 Qf8 23. Rfc1 h6 24. b4 Kh7 25.
Nh4 Rg8 26. Rxf6 Rd7 27. Rcc6 Bd8 28. Qf5+ Rg6 29. Nxg6 Qg7 30. Ne5+ Kh8 31. Nxd7 Bxf6 32. Rxf6 1-0

[Event "*** SCC Grand Prix: Titled Tuesday Blitz"]
[Site "Chess.com"]
[Date "2020.09.29"]
[Round "4"]
[White "Sueetin"]
[Black "Vision_64"]
[Result "0-1"]
[WhiteElo "2287"]
[BlackElo "2217"]
[TimeControl "180+1"]
[EndTime "10:37:31 PDT"]
[Termination "Vision_64 won by resignation"]

1. d4 Nf6 2. c4 e6 3. Nc3 Bb4 4.
e3 c5 5. Ne2 b6 6. a3 Ba5 7.
Rb1 Na6 8. Bd2 Bb7 9. f3 O-O 10. Ng3 cxd4 11. exd4 Bxc3 12. bxc3 Qc7 13. Bd3 d5 14.
cxd5 Nxd5 15. Rc1 Nf4 16. Qc2 Nxd3+ 17. Qxd3 Rad8 18. Qe3 Qc4 19. Nh5 Rd5 20. g3 Rxh5 0-1

[Event "*** SCC Grand Prix: Titled Tuesday Blitz"]
[Site "Chess.com"]
[Date "2020.09.29"]
[Round "4"]
[White "rugbyclub"]
[Black "RobPeresian"]
[Result "0-1"]
[WhiteElo "2162"]
[BlackElo "2412"]
[TimeControl "180+1"]
[EndTime "10:37:32 PDT"]
[Termination "RobPeresian won by checkmate"]

1. c4 c6 2. Nc3 d5 3. cxd5 cxd5 4. d4 Nf6 5. Bf4 Nc6 6. e3 a6 7. Bd3 Bg4 8. Qa4 b5 9. Nxb5 axb5 10. Qxb5 Qa5+ 11.
Qxa5 Nxa5 12. f3 Bd7 13. e4 e6 14. Ne2 Bb4+ 15. Nc3 Bxc3+ 16. bxc3 dxe4 17. fxe4 Bc6 18. e5 Nd5 19. Bd2 O-O 20. O-O Rfc8 21. Rf3 Nb6 22. Rh3 g6 23. Rf1 Nac4 24. Bg5 Rxa2 25. Rg3 Bd5 26.
h4 Nd2 27. Rf4 Rxc3 28. h5 Ne4 29. hxg6 hxg6 30. Bf6 Nxg3 31. Be4 Bxe4 32. Rh4 Rxg2# 0-1